 Dungeon Crawl Stone Soup version 0.28-a0-406-g4bac719ec2 (webtiles) character file.

Game seed: 10417380089886468529

369 Gargoyl the Skirmisher (level 6, -17/53 HPs)
             Began as a Gnoll Abyssal Knight on Sept 4, 2021.
             Was a Believer of Lugonu.
             Demolished by an ogre (24 damage)
             ... on level 4 of the Dungeon on Sept 5, 2021.
             The game lasted 00:05:21 (3969 turns).

Gargoyl the Skirmisher (Gnoll Abyssal Knight)       Turns: 3969, Time: 00:05:22

Health: -17/53     AC: 13    Str: 14      XL:     6   Next: 70%
Magic:  9/9        EV:  7    Int: 10 (11) God:    Lugonu [**....]
Gold:   140        SH:  0    Dex:  9 (11) Spells: 9/9 levels left

rFire   . . .      SeeInvis .   a - +1 hand axe
rCold   . . .      Faith    .   (no shield)
rNeg    . . .      Spirit   .   c - +0 chain mail {Will+}
rPois   .          Reflect  .   h - +0 helmet
rElec   .          Harm     .   (no cloak)
rCorr   .          Rampage  .   j - +1 pair of gloves
Will    +....                   (no boots)
Stlth   ..........              (no amulet)
HPRegen 0.17/turn               (no ring)
MPRegen 0.11/turn               (no ring)

@: about to teleport
A: fangs 1, strong nose, distributed training
a: Renounce Religion, Depart the Abyss, Bend Space


You were on level 4 of the Dungeon.
You worshipped Lugonu.
Lugonu was pleased with you.
You visited 1 branch of the dungeon, and saw 4 of its levels.
You visited the Abyss 1 time.

You collected 140 gold pieces.

Inventory:

Hand Weapons
 a - a +1 hand axe (weapon)
 i - a +0 war axe
Missiles
 f - 9 poisoned darts (quivered)
Armour
 c - a +0 chain mail of willpower (worn)
 h - a +0 helmet (worn)
 j - a +1 pair of gloves (worn)
Potions
 b - a potion of brilliance
 g - a potion of flight


   Skills:
 + Level 6.9 Fighting
 + Level 2.1 Short Blades
 + Level 2.1 Long Blades
 + Level 5.0 Axes
 + Level 2.1 Maces & Flails
 + Level 2.1 Polearms
 + Level 2.1 Staves
 + Level 2.1 Slings
 + Level 2.1 Bows
 + Level 2.1 Crossbows
 + Level 2.1 Throwing
 + Level 5.0 Armour
 + Level 3.3 Dodging
 + Level 2.1 Stealth
 + Level 2.1 Shields
 + Level 2.1 Unarmed Combat
 + Level 2.1 Spellcasting
 + Level 1.6 Conjurations
 + Level 1.6 Hexes
 + Level 1.6 Summonings
 + Level 1.6 Necromancy
 + Level 1.6 Translocations
 + Level 1.6 Transmutations
 + Level 1.6 Fire Magic
 + Level 1.6 Ice Magic
 + Level 1.6 Air Magic
 + Level 1.6 Earth Magic
 + Level 1.6 Poison Magic
 + Level 5.1 Invocations
 + Level 2.1 Evocations


You had 9 spell levels left.
You didn't know any spells.
Your spell library contained the following spells:

 Spells                   Type           Power      Damage    Failure   Level
 Slow                     Hex            4%         N/A       99%         2
 Confusing Touch          Hex            4%         N/A       100%        3
 Gell's Gravitas          Tloc           2%         N/A       100%        3
 Lesser Beckoning         Tloc           4%         N/A       100%        3
 Teleport Other           Tloc           4%         N/A       100%        3
 Yara's Violent Unravell  Hex/Tmut       2%         3d3       100%        5


Dungeon Overview and Level Annotations

Branches:
Dungeon (4/15)
 Temple: D:4-7

Altars:
Okawaru
Ru
Vehumet
Wu Jian


Innate Abilities, Weirdness & Mutations

You have very sharp teeth.
Your uncanny sense of smell can sniff out nearby items.
Your experience applies equally to all skills.


Message History

The ogre looks even sicker.
The ogre is lightly wounded.
The ogre hits you with a +0 giant club!
* * * LOW HITPOINT WARNING * * *
Unknown command.
There is an open door here.
An endoplasm comes into view.
The endoplasm quivers.
The ogre looks more healthy.
The endoplasm hits you but does no damage.
You feel better. The ogre closely misses you.
Throw: 12 darts (poison)
Press: ? - help, Q - select action, (/) - cycle Shift-Dir - straight line, f/p - ogre
Aim: an ogre, wielding a +0 giant club (lightly wounded, 74% to hit)
You throw a poisoned dart. The poisoned dart hits the ogre.
The ogre is poisoned.
The ogre is lightly wounded.
The ogre hits you with a +0 giant club!!
* * * LOW HITPOINT WARNING * * *
The ogre looks more healthy.
Throw: 11 darts (poison)
Press: ? - help, Q - select action, (/) - cycle Shift-Dir - straight line, f/p - ogre
Aim: an ogre, wielding a +0 giant club (moderately wounded, 73% to hit)
You throw a poisoned dart. The poisoned dart hits the ogre.
The ogre is poisoned.
The ogre is moderately wounded.
The ogre looks more healthy.
Throw: 10 darts (poison)
Press: ? - help, Q - select action, (/) - cycle Shift-Dir - straight line, f/p - ogre
Aim: an ogre, wielding a +0 giant club (heavily wounded, 74% to hit)
You throw a poisoned dart. The poisoned dart hits the ogre.
The ogre is poisoned.
The ogre is heavily wounded.
The ogre barely misses you.
The ogre looks more healthy.
You see here a poisoned dart.
As you read the scroll of teleportation, it crumbles to dust.
You feel strangely unstable.
The ogre hits you with a +0 giant club!!
You die...

###.#.###
#.......#
#.......#####
#..(........#
#...........#
#...........#
###.#.......#
#.#.......#
#.#.@.....#
#.###O#####
#.J...#
#######


You could see an ogre.

Vanquished Creatures
  Grinder (D:3)
  Terence (D:3)
  A hound skeleton (D:3)
  Robin (D:3)
  3 adders (D:3)
  3 gnolls (D:3)
  A worm (D:2)
  2 dart slugs
  4 orcs (D:3)
  4 endoplasms
  7 giant cockroaches
  7 goblins
  4 hobgoblins
  4 jackals
  A quokka (D:1)
  5 ball pythons
  6 bats
  7 frilled lizards
  5 kobolds
  9 rats
76 creatures vanquished.

Notes
Turn   | Place    | Note
-------+----------+-------------------------------------------
     0 | Abyss:1  | Gargoyl the Gnoll Abyssal Knight began the quest for the
                  | Orb.
     0 | Abyss:1  | Reached XP level 1. HP: 23/23 MP: 3/3
    70 | Abyss:2  | Noticed a large abomination
    92 | Abyss:2  | Noticed a tentacled starspawn
    94 | D:1      | Escaped the Abyss
   143 | D:1      | Reached * piety under Lugonu
   248 | D:1      | Reached XP level 2. HP: 21/29 MP: 5/5
   994 | D:1      | Reached XP level 3. HP: 29/35 MP: 6/6
  1366 | D:2      | Found a radiant altar of Vehumet.
  1405 | D:2      | Reached ** piety under Lugonu
  1682 | D:3      | Reached skill level 1 in Short Blades
  1682 | D:3      | Reached skill level 1 in Long Blades
  1682 | D:3      | Reached skill level 1 in Maces & Flails
  1682 | D:3      | Reached skill level 1 in Polearms
  1682 | D:3      | Reached skill level 1 in Staves
  1682 | D:3      | Reached skill level 1 in Slings
  1682 | D:3      | Reached skill level 1 in Bows
  1682 | D:3      | Reached skill level 1 in Crossbows
  1682 | D:3      | Reached skill level 1 in Throwing
  1682 | D:3      | Reached skill level 1 in Stealth
  1682 | D:3      | Reached skill level 1 in Shields
  1682 | D:3      | Reached skill level 1 in Unarmed Combat
  1682 | D:3      | Reached skill level 1 in Spellcasting
  1682 | D:3      | Reached skill level 1 in Evocations
  1749 | D:3      | Reached XP level 4. HP: 38/41 MP: 7/7
  1857 | D:3      | Noticed Terence
  1887 | D:3      | Killed Terence
  1888 | D:3      | Reached skill level 1 in Conjurations
  1888 | D:3      | Reached skill level 1 in Hexes
  1888 | D:3      | Reached skill level 1 in Summonings
  1888 | D:3      | Reached skill level 1 in Necromancy
  1888 | D:3      | Reached skill level 1 in Translocations
  1888 | D:3      | Reached skill level 1 in Transmutations
  1888 | D:3      | Reached skill level 1 in Fire Magic
  1888 | D:3      | Reached skill level 1 in Ice Magic
  1888 | D:3      | Reached skill level 1 in Air Magic
  1888 | D:3      | Reached skill level 1 in Earth Magic
  1888 | D:3      | Reached skill level 1 in Poison Magic
  2139 | D:3      | HP: 1/41 [gnoll (2)]
  2141 | D:3      | Reached XP level 5. HP: 2/47 MP: 8/8
  2449 | D:3      | Found a large runed translucent door.
  2808 | D:3      | Found a sacrificial altar of Ru.
  2952 | D:3      | Noticed Robin
  2981 | D:3      | Killed Robin
  3144 | D:3      | Found a large runed translucent door.
  3204 | D:3      | Noticed Grinder
  3240 | D:3      | Killed Grinder
  3241 | D:3      | Reached skill level 5 in Axes
  3241 | D:3      | Reached skill level 5 in Armour
  3241 | D:3      | Reached skill level 5 in Invocations
  3241 | D:3      | Reached XP level 6. HP: 39/53 MP: 9/9
  3830 | D:3      | Found an iron altar of Okawaru.
  3841 | D:3      | Found an ornate altar of the Wu Jian Council.
  3874 | D:4      | Upgraded the game from 0.28-a0-397-g1a7b1a870f to
                  | 0.28-a0-406-g4bac719ec2
  3936 | D:4      | HP: 2/53 [ogre (26)]
  3969 | D:4      | Demolished by an ogre

Illustrated notes

Levels and vault maps discovered:
D:1:      saegor_arrival_simple_a, layout_rooms, shapermc_ecumenical_altar_petra
D:2:      layout_rooms, basic_altar
D:3:      layout_basic, mainiacjoe_overflow_alcove_2, jmf_multi_god_temple2,
          uniq_crazy_yiuf_cottage, uniq_robin, uniq_grinder, uniq_terence
D:4:      layout_basic, trog_three_pillars_becter, serial_shops,
          nicolae_shop_trees, ebering_ghost_sewer_d

Skill      XL: |  1  2  3  4  5 |
---------------+----------------+-----
Short Blades   | 1 2 |  2.1
Long Blades    | 1 2 |  2.1
Maces & Flails | 1 2 |  2.1
Polearms       | 1 2 |  2.1
Staves         | 1 2 |  2.1
Slings         | 1 2 |  2.1
Bows           | 1 2 |  2.1
Crossbows      | 1 2 |  2.1
Throwing       | 1 2 |  2.1
Stealth        | 1 2 |  2.1
Shields        | 1 2 |  2.1
Unarmed Combat | 1 2 |  2.1
Spellcasting   | 1 2 |  2.1
Evocations     | 1 2 |  2.1
Conjurations   | 1 |  1.6
Hexes          | 1 |  1.6
Summonings     | 1 |  1.6
Necromancy     | 1 |  1.6
Translocations | 1 |  1.6
Transmutations | 1 |  1.6
Fire Magic     | 1 |  1.6
Ice Magic      | 1 |  1.6
Air Magic      | 1 |  1.6
Earth Magic    | 1 |  1.6
Poison Magic   | 1 |  1.6
Dodging        | 3 |  3.3
Axes           | 5 |  5.0
Armour         | 5 |  5.0
Invocations    | 5 |  5.1
Fighting       | |  6.9

Action                   |  1- 3 |  4- 6 || total
-------------------------+-------+-------++-------
Melee: Hand axe          |   106 |   139 ||   245
       Bite              |    17 |    11 ||    28
       Punch             |       |     1 ||     1
Throw: Dart              |       |    18 ||    18
Invok: Depart the Abyss  |     1 |       ||     1
Evoke: Wand              |       |     5 ||     5
  Use: Potion            |     1 |     5 ||     6
       Scroll            |     3 |     2 ||     5
 Stab: Sleeping          |     1 |       ||     1
Armor: Leather armour    |    15 |       ||    15
       Chain mail        |     9 |    97 ||   106
       Ring mail         |     7 |       ||     7
Dodge: Dodged            |    67 |    55 ||   122

Table legend: (Time is in decaauts)
 A = Elapsed time spent in this place.
 B = Non-inter-level travel time spent in this place.
 C = Inter-level travel time spent in this place.
 D = Time resting spent in this place.
 E = Time spent auto-exploring this place.
 F = Levels seen in this place.
 G = Mean time per level.
                   A        B        C        D        E       F      G
               +--------+--------+--------+--------+--------+-----+--------+
         Total |   3982 |   3894 |     88 |    386 |   2661 |   6 |  663.7 |
       Dungeon |   3889 |   3801 |     88 |    386 |   2599 |   4 |  972.2 |
         Abyss |     93 |     93 |      0 |      0 |     62 |   2 |   46.5 |
               +--------+--------+--------+--------+--------+-----+--------+

Top non-repeatable levels by time:
     D:3: 2200 daAuts
     D:1: 1069 daAuts
     D:2: 516 daAuts
     D:4: 102 daAuts
 Abyss:2: 91 daAuts
 Abyss:1: 2 daAuts
